 Dungeon Crawl Stone Soup version 0.22-a0-880-gb7b0c8b (webtiles) character file.

220 Kuinu the Firebug (level 5, -10/34 HPs)
             Began as a Draconian Fire Elementalist on July 30, 2018.
             Mangled by an ogre
             ... wielding a +0 giant club
              (20 damage)
             ... on level 4 of the Dungeon.
             The game lasted 00:12:26 (4885 turns).

Kuinu the Firebug (Draconian Fire Elementalist)     Turns: 4885, Time: 00:12:27

Health: -10/34     AC:  7    Str: 11    XL:     5   Next: 64%
Magic:  10/10      EV: 12    Int: 16    God:
Gold:   163        SH:  0    Dex: 11    Spells: 0/10 levels left

rFire    . . .     SeeInvis +   h - +0 dagger (curse)
rCold    . . .     Gourm    .   (no shield)
rNeg     . . .     Faith    .   (armour unavailable)
rPois    .         Spirit   .   (helmet restricted)
rElec    .         Reflect  .   (no cloak)
rCorr    .         Harm     .   (no gloves)
MR       .....                  j - +1 pair of boots
Stlth    ++........             (no amulet)
HPRegen  0.11/turn              t - ring of see invisible
MPRegen  0.12/turn              (no ring)

@: no status effects
A: unfitting armour, fangs 1, hooves 1, frail 1, cold-blooded, AC +5
a: no special abilities


You were on level 4 of the Dungeon.
You were not hungry.

You visited 1 branch of the dungeon, and saw 4 of its levels.

You collected 163 gold pieces.

Inventory:

Hand Weapons
 e - a +2 spear of pain
 g - a cursed -2 dagger
 h - a cursed +0 dagger (weapon)
Armour
 j - a +1 pair of boots (worn)
Jewellery
 t - a ring of see invisible (left hand)
Wands
 i - a wand of paralysis (6)
Scrolls
 c - a scroll of enchant weapon {unknown}
 d - a scroll of fear {unknown}
 k - a scroll of remove curse {unknown}
 m - a scroll of enchant armour
 n - a scroll of fog
 s - a scroll of immolation {unknown}
Potions
 a - a potion of cancellation
 f - a potion of curing
 l - a potion of lignification
 o - a potion of haste
 p - a potion of agility
 q - a potion of might {unknown}
 r - a potion of ambrosia {unknown}
Comestibles
 b - 4 rations
 v - a chunk of flesh


   Skills:
 - Level 1.7 Dodging
 + Level 2.7 Stealth
 * Level 3.3 Spellcasting
 * Level 3.0 Conjurations
 * Level 4.2 Fire Magic


You couldn't memorise any spells.
You knew the following spells:

 Your Spells              Type           Power        Failure   Level  Hunger
a - Flame Tongue          Conj/Fire      ##...        4%          1    None
b - Throw Flame           Conj/Fire      ##....       6%          2    ##.....
c - Conjure Flame         Conj/Fire      ##......     12%         3    ###....
d - Sticky Flame          Conj/Fire      ##......     38%         4    ####...

Your spell library contained the following spells:

 Spells                   Type           Power        Failure   Level  Hunger
 Fireball                 Conj/Fire      ##........   75%         5    ######.
 Inner Flame              Hex/Fire       #.......     22%         3    ###....


Dungeon Overview and Level Annotations

Branches:
Dungeon (4/15)
 Temple: D:4-7

Altars:
Gozag
Xom

Annotations:
D:4 3 runed doors, biddum's ghost, amateur MiFi


Innate Abilities, Weirdness & Mutations

Your plain brown scales are hard. (AC +5)
You cannot fit into any form of body armour.
You are cold-blooded and may be slowed by cold attacks.
You have very sharp teeth.
You have large cloven feet.
You are frail. (-10% HP)


Message History

The ogre shouts!
You hear a howl!
You hear an angry hiss.
The ogre hits you with a giant club!!
Ouch! That really hurt!
* * * LOW HITPOINT WARNING * * *
Found a potion of lignification.
A giant cockroach comes into view.
A frilled lizard comes into view.
A worker ant comes into view.
Found a scroll of identify and 2 tomahawks.
Found 7 tomahawks and a copper ring.
The worker ant twitches its antennae in your direction.
Found 17 gold pieces.
The worker ant barely misses you.
The hound skeleton bites you but does no damage.
There is a stone staircase leading down here.
You can't go up here!
The hound skeleton bites you but does no damage.
The worker ant closely misses you. The ogre hits you with a giant club!!
Ouch! That really hurt!
You die...

#..........#####.....#.
##=.......## #.###...
#.........# #..#....
#......Z..#####...###
#..................##
#..................##
#...l..............##
###..Oas...#...#.......
#....Z@....#.#...##..##
#.......................
#..........##+++##.##....
#.........##W...$#######.
#.........#..$_... #
#.........#8..8..8# .
#.........#∩$W.Z.∩#
##........##.8∩8.##
#..........#######


You could see an ogre, a worker ant, biddum's ghost, a bullfrog zombie
(wandering), a giant cockroach, a frilled lizard, a hound skeleton and a howler
monkey skeleton.

Vanquished Creatures
  An orc priest (D:3)
  Terence (D:2)
  Natasha (twice) (D:2)
  2 adders
  2 oozes
  4 dart slugs
  4 leopard geckos
  5 orcs (D:3)
  3 giant cockroaches
  5 goblins
  4 hobgoblins
  7 jackals
  11 kobolds
  A ball python (D:4)
  8 bats
  13 frilled lizards
  7 rats
80 creatures vanquished.

Notes
Turn   | Place    | Note
-------+----------+-------------------------------------------
     0 | D:1      | Kuinu the Draconian Fire Elementalist began the quest for the Orb.
     0 | D:1      | Reached XP level 1. HP: 14/14 MP: 3/3
   433 | D:1      | Reached XP level 2. HP: 13/20 MP: 0/5
   440 | D:1      | Learned a level 2 spell: Throw Flame
  1362 | D:2      | Found a shimmering altar of Xom.
  1577 | D:2      | Noticed Terence
  1597 | D:2      | Killed Terence
  1597 | D:2      | Reached XP level 3. HP: 7/26 MP: 0/6
  2218 | D:2      | Gained mutation: You are frail. (-10% HP) [potion of mutation]
  2218 | D:2      | Gained mutation: You have very sharp teeth. [potion of mutation]
  2218 | D:2      | Gained mutation: You have large cloven feet. [potion of mutation]
  2220 | D:2      | Reached XP level 4. HP: 6/29 MP: 5/8
  2450 | D:2      | Noticed Natasha
  2464 | D:2      | Killed Natasha
  2772 | D:2      | Noticed Natasha
  2807 | D:2      | Killed Natasha
  3050 | D:2      | Learned a level 3 spell: Conjure Flame
  3159 | D:2      | Found a shimmering altar of Xom.
  3159 | D:2      | Found a shimmering altar of Xom.
  3167 | D:2      | Found a shimmering altar of Xom.
  3167 | D:2      | Found a shimmering altar of Xom.
  3167 | D:2      | Found a shimmering altar of Xom.
  3167 | D:2      | Found a shimmering altar of Xom.
  3167 | D:2      | Found a shimmering altar of Xom.
  3374 | D:2      | Reached XP level 5. HP: 34/34 MP: 4/9
  3755 | D:3      | Reached skill level 4 in Fire Magic
  3893 | D:3      | Found a faded altar of an unknown god.
  3978 | D:3      | Learned a level 4 spell: Sticky Flame
  4754 | D:4      | Noticed an ogre
  4839 | D:4      | Found a runed gate.
  4840 | D:4      | Found a runed gate.
  4840 | D:4      | Found an opulent altar of Gozag.
  4841 | D:4      | Found a runed gate.
  4843 | D:4      | Noticed biddum's ghost (amateur MiFi)
  4885 | D:4      | Mangled by an ogre

Vault maps used:
D:1:      dpeg_arrival_tiny_e
D:2:      xom_redecorated, first_ration, minmay_lizard_pond, uniq_natasha,
          uniq_terence
D:3:      chequers_ecumenical_altar_island
D:4:      ebering_ghost_gozag, kennysheep_okawaru_gauntlet

Skill      XL: |  1  2  3  4  5 |
---------------+----------------+-----
Stealth        | 2 |  2.7
Conjurations   | 2 3 |  3.0
Spellcasting   | 3 |  3.3
Fire Magic     | 4 |  4.2
Dodging        | |  1.7

Action                   |  1- 3 |  4- 6 || total
-------------------------+-------+-------++-------
Melee: Unarmed           |     6 |       ||     6
       Dagger            |    48 |     3 ||    51
       Tailslap          |     2 |       ||     2
 Cast: Flame Tongue      |    52 |    88 ||   140
       Throw Flame       |     1 |       ||     1
  Use: Potion            |     2 |     1 ||     3
       Scroll            |       |     6 ||     6
  Eat: Chunk             |     3 |    10 ||    13
Armor: Skin              |    25 |    19 ||    44
Dodge: Dodged            |    29 |    29 ||    58

Table legend:
 A = Spawn XP
 B = Non-spawn XP
 C = Spawn XP percentage of total XP
 D = Spawn monster count
 E = Non-spawn monster count
 F = Spawn count percentage of total count
 G = Total turns spent on level
                    A         B        C        D         E        F      G
               +---------+---------+-------+---------+---------+-------+---------
         Total |       0 |     315 |   0.0 |       0 |      80 |   0.0 |  4885
               +---------+---------+-------+---------+---------+-------+---------
           D:1 |       0 |      27 |   0.0 |       0 |      14 |   0.0 |  1161
           D:2 |       0 |     172 |   0.0 |       0 |      36 |   0.0 |  2579
           D:3 |       0 |     110 |   0.0 |       0 |      27 |   0.0 |  1039
           D:4 |       0 |       6 |   0.0 |       0 |       3 |   0.0 |   106
               +---------+---------+-------+---------+---------+-------+---------
